 Dungeon Crawl Stone Soup version 0.26.1-11-gd32895ea62 (webtiles) character file.

Game seed: 14577957142166959595

32 Kold the Sneak (level 3, -4/17 HPs)
             Began as a Felid Delver on May 21, 2021.
             Was an Initiate of Makhleb.
             Slain by a worm (9 damage)
             ... on level 4 of the Dungeon.
             The game lasted 00:04:10 (628 turns).

Kold the Sneak (Felid Delver)                        Turns: 628, Time: 00:04:11

Health: -4/17      AC:  1    Str:  8    XL:     3   Next: 8%
Magic:  5/5        EV: 19    Int: 11    God:    Makhleb [......]
Gold:   46         SH:  0    Dex: 18    Spells: 2/2 levels left
                                        Lives:  0   Deaths: 0

rFire    . . .     SeeInvis +     - Unarmed
rCold    . . .     Faith    .   (shield unavailable)
rNeg     . . .     Spirit   .   (armour unavailable)
rPois    .         Reflect  .   (helmet unavailable)
rElec    .         Harm     .   (cloak unavailable)
rCorr    .         Rampage  .   (gloves unavailable)
Will     +....                  (boots unavailable)
Stlth    ++++......             (no amulet)
HPRegen  0.05/turn              f - ring of willpower
MPRegen  0.09/turn              (no ring)

@: quick
A: very small, no armour, no weapons or thrown items, stealth, claws 1, fangs 3,
see invisible, speed 1, shaggy fur 1, sharp paws
a: Renounce Religion


You were on level 4 of the Dungeon.
You worshipped Makhleb.
Makhleb was noncommittal.
You visited 2 branches of the dungeon, and saw 3 of its levels.

You collected 46 gold pieces.

Inventory:

Jewellery
 f - a ring of willpower (left paw)
Wands
 e - a wand of digging (3)
Scrolls
 a - a scroll of fog
 b - a scroll of magic mapping


   Skills:
 - Level 3.0 Fighting
 + Level 3.3 Dodging
 - Level 7.0 Stealth
 - Level 2.0 Unarmed Combat
 * Level 1.6 Invocations


You had 2 spell levels left.
You didn't know any spells.
Your spell library was empty.

Dungeon Overview and Level Annotations

Branches:
Dungeon (5/15)             Temple (1/1) D:5

Altars:
Ashenzari
Makhleb
Wu Jian

Portals:
Sewer: D:4

Annotations:
D:4 Blork the orc, Menkaure


Innate Abilities, Weirdness & Mutations

You cannot wear armour.
You are incapable of wielding weapons or throwing items.
Your paws allow you to move quietly. (Stealth)
You have sharp claws.
You have razor-sharp teeth.
You have supernaturally acute eyesight. (SInv)
You cover ground quickly.
You are covered in fur. (AC +1)
Your sharp claws are effective at attacking unaware monsters.


Message History

Your attack snaps the worm out of its fear.
The worm is lightly wounded.
The worm barely misses you.
You barely miss the worm. Your bite misses the worm.
The worm is lightly wounded.
You scratch the worm.
The worm is moderately wounded.
The worm closely misses you.
You scratch the worm. You bite the worm, but do no damage.
The worm is heavily wounded.
The worm bites you!
Ouch! That really hurt!
* * * LOW HITPOINT WARNING * * *
You scratch the worm but do no damage. You bite the worm, but do no damage.
The worm is heavily wounded.
You scratch the worm but do no damage.
The worm is heavily wounded.
The worm bites you!
Ouch! That really hurt!
You die...

.....### .......#
.......#########
..>............#
......########w##
......# #.[#
.....## ##.#
.....# #.##
....## #.@# ....#
##w## ...## #..#
...# ###.### ..##
#.....# ##
#.#...###
#.....≈##
#....≈≈##
#...#≈≈###


You could see 2 worms.

Vanquished Creatures
  A hound skeleton (D:4)
  An adder (D:5)
  An ufetubus (D:5)
  An ooze (D:4)
4 creatures vanquished.

Notes
Turn   | Place    | Note
-------+----------+-------------------------------------------
     0 | D:5      | Kold the Felid Delver began the quest for the Orb.
     0 | D:5      | Reached XP level 1. HP: 10/10 MP: 2/2
     8 | D:5      | Noticed a worker ant
    26 | D:5      | Found a staircase to the Ecumenical Temple.
    42 | Temple   | Entered the Ecumenical Temple
   281 | Temple   | Became a worshipper of Makhleb the Destroyer
   345 | D:5      | Noticed an orc wizard
   390 | D:5      | Reached skill level 7 in Stealth
   390 | D:5      | Reached XP level 2. HP: 14/14 MP: 3/3
   452 | D:4      | Reached skill level 1 in Invocations
   472 | D:4      | Noticed Menkaure
   536 | D:4      | Reached XP level 3. HP: 10/17 MP: 3/5
   583 | D:4      | Noticed Blork the orc
   584 | D:4      | Found a glowing drain.
   628 | D:4      | Slain by a worm

Illustrated notes

Levels and vault maps discovered:
D:4:      layout_cave_pods, cheibrodos_sewer_entry_bend, serial_glass,
          glass_columns_a, glass_columns_b, uniq_menkaure, uniq_blork_the_orc
D:5:      layout_basic, minmay_temple_entry_antechambers, serial_shops, shop,
          minmay_increasing_density, uniq_duvessa, uniq_eustachio
Temple:   eino_wide_crystal_templ

Skill      XL: |  1  2 |
---------------+-------+-----
Dodging        | 3 |  3.3
Stealth        | 7 |  7.0
Invocations    | 1 |  1.6
Fighting       | |  3.0
Unarmed Combat | |  2.0

Action                   || total
-------------------------++-------
Melee: Unarmed           ||    31
       Bite              ||     6
  Use: Potion            ||     3
       Scroll            ||     1
 Stab: Sleeping          ||     1
Armor: Skin              ||     2
Dodge: Dodged            ||    30
